 Dungeon Crawl Stone Soup version 0.29.1-13-g9f3cf754e1 (webtiles) character file.

Game seed: 6774858025080616903

9 croobank the Sneak (level 2, -12/21 HPs)
             Began as an Octopode Delver on Jan 21, 2023.
             Mangled by an iguana (14 damage)
             ... on level 5 of the Dungeon.
             The game lasted 00:00:34 (413 turns).

croobank the Sneak (Octopode Delver)                 Turns: 413, Time: 00:00:35

Health: -12/21     AC:  1    Str: 11    XL:     2   Next: 12%
Magic:  2/2        EV: 13    Int: 12    God:
Gold:   0          SH:  0    Dex: 13    Spells: 1/1 levels left

rFire   . . .      SeeInvis .   a - +0 hand axe
rCold   . . .      Faith    .   (no shield)
rNeg    . . .      Spirit   .   (helmet restricted)
rPois   .          Reflect  .   (no amulet)
rElec   .          Harm     .   (no ring)
rCorr   .          Rampage  .   (no ring)
Will    .....                   (no ring)
Stlth   ++++......              (no ring)
HPRegen 0.07/turn               (no ring)
MPRegen 0.08/turn               (no ring)
                                (no ring)
                                (no ring)

@: hasted, very quick
A: almost no armour, amphibious, 8 rings, camouflage 1, gelatinous body 1,
(nimble swimmer 1), tentacles
a: no special abilities


You were on level 5 of the Dungeon.
You visited 1 branch of the dungeon, and saw 3 of its levels.

Inventory:

Hand Weapons
 a - a +0 hand axe (weapon)
 g - a +0 dagger
Wands
 f - a wand of digging (3)
Scrolls
 b - a scroll of fog
 c - a scroll of magic mapping
 d - a scroll of fear


   Skills:
 + Level 3.1 Fighting
 + Level 2.2 Axes
 + Level 2.2 Dodging
 + Level 6.7 Stealth


You had one spell level left.
You didn't know any spells.
Your spell library contained the following spells:

 Spells                   Type           Power      Damage    Failure   Level
 Ensorcelled Hibernation  Hex/Ice        0%         N/A       45%         2
 Passwall                 Tmut/Erth      0%         N/A       45%         2
 Swiftness                Air            0%         N/A       69%         3


Dungeon Overview and Level Annotations

Branches:
Dungeon (6/15)
 Temple: D:4-7

Altars:

Annotations:
D:4 Dowan, Duvessa


Innate Abilities, Weirdness & Mutations

You cannot wear most types of armour.
You are amphibious.
You can wear up to eight rings at the same time.
Your skin changes colour to match your surroundings (Stealth+).
Your rubbery body absorbs attacks. (AC +1, EV +1)
((You are camouflaged when in or above water. (Stealth+)))
You have tentacles for arms and can constrict up to eight enemies at once.


Message History

You constrict the adder.
You kill the adder!
You feel sick.
You have reached level 2!
You start resting.
You feel sick. x2
You are no longer poisoned.
You start resting.
HP restored.
You start waiting.
Done waiting.
You open the door.
Found a stone staircase leading up.
There is an open door here.
Found a stone staircase leading down.
An iguana comes into view.
You see here a book of Burglary.
You pick up a book of Burglary and begin reading...
You add the spells Passwall, Ensorcelled Hibernation and Swiftness to your library.
No target in view!
No target in view!
The iguana closely misses you.
You hit the iguana. You grab the iguana.
The iguana is moderately wounded.
You constrict the iguana. The iguana bites you!
You hit the iguana but do no damage.
The iguana is moderately wounded.
You constrict the iguana. The iguana bites you!
* * * LOW HITPOINT WARNING * * *
You are too injured to fight recklessly!
You feel yourself speed up.
You constrict the iguana. The iguana closely misses you.
You release your grip on the iguana.
There is a stone staircase leading up here.
You climb upwards.
The kobold shouts!
You hear a shout!
Found four items.
Found a stone staircase leading up.
There is a stone staircase leading down here.
You climb downwards.
The iguana bites you!
Ouch! That really hurt!
You die...

#..##.# ##..##.# #......#
#.#....# #..#....## ...##.....#
#... #.....# ##.# ##....# ##
###### #..@l####### #.#
#........#+#'.....########
#..###...#############.........
#....#....# #.# #..########
#....#.[..## ##.## ##..#
#....#.....# #...# #..##
#.....รท..#.###.#.###.##
#........#..#..#..#..#
#........##...###...##


You could see an iguana.

Vanquished Creatures
  An adder (D:5)
1 creature vanquished.

Notes
Turn   | Place    | Note
-------+----------+-------------------------------------------
     0 | D:5      | croobank the Octopode Delver began the quest for the Orb.
     0 | D:5      | Reached XP level 1. HP: 16/16 MP: 1/1
    12 | D:6      | Noticed an ogre
    37 | D:5      | Reached XP level 2. HP: 7/21 MP: 2/2
   411 | D:4      | Noticed Duvessa
   411 | D:4      | Noticed Dowan
   413 | D:5      | Mangled by an iguana

Illustrated notes

Levels and vault maps discovered:
D:4:      layout_rooms, uniq_eustachio, uniq_duvessa
D:5:      layout_basic, lemuel_tele_altar, gammafunk_temple_overflow_pools,
          serial_curves, eino_curves_03, eino_curves_03, eino_curves_03,
          eino_curves_01
D:6:      nicolae_cairo_tiling, layout_cave_pools, mainiacjoe_overflow_alcove_2,
          minmay_temple_entry_nine_rooms, nicolae_ossuary_entry_plus,
          serial_shops, nicolae_stop_n_shop_2, ebering_ghost_rock_garden,
          serial_gnoll_camp, gnoll_camp_mini_doghouse, gnoll_camp_mini_hut,
          gnoll_camp_medium_02, uniq_prince_ribbit1, uniq_pikel

Action                   || total
-------------------------++-------
Melee: Hand axe          ||     6
       Constrict         ||     2
       Tentacles         ||     1
  Use: Potion            ||     1
Dodge: Dodged            ||     4
